 Seeded DCSS version 0.29.1-12-g30fa7ad0bf (webtiles) character file.

Game seed: 1 (custom seed)

0 Kazon the Shield-Bearer (level 1, -1/11 HPs)
             Began as a Vine Stalker Fighter on Jan 4, 2023.
             Frozen to death by an endoplasm (3 damage)
             ... on level 1 of the Dungeon.
             The game lasted 00:01:02 (78 turns).

Kazon the Shield-Bearer (Vine Stalker Fighter)        Turns: 78, Time: 00:01:02

Health: -1/11      AC:  6    Str: 18    XL:     1   Next: 10%
Magic:  0/2        EV:  9    Int: 10    God:
Gold:   31         SH:  5    Dex: 17    Spells: 0/0 levels left

rFire   . . .      SeeInvis .   a - +0 long sword
rCold   . . .      Faith    .   c - +0 buckler
rNeg    . . .      Spirit   +   b - +0 scale mail
rPois   .          Reflect  .   (no helmet)
rElec   .          Harm     .   (no cloak)
rCorr   .          Rampage  .   (no gloves)
Will    .....                   (no boots)
Stlth   ..........              f - amulet of the acrobat
HPRegen 0.03/turn               e - ring "Gicrem" {Fly Int+2 Dex+4}
MPRegen 0.08/turn               (no ring)

@: flying
A: fangs 2, magic shield, antimagic bite, no potion heal 2
a: no special abilities


You were on level 1 of the Dungeon.
You visited 1 branch of the dungeon, and saw 1 of its levels.

You collected 31 gold pieces.

Inventory:

Hand Weapons
 a - a +0 long sword (weapon)
Armour
 b - a +0 scale mail (worn)
 c - a +0 buckler (worn)
Jewellery
 e - the ring "Gicrem" (left hand) {Fly Int+2 Dex+4}
   (You acquired it on level 1 of the Dungeon)

   [ring of flight]

   Int:       It affects your intelligence (+2).
   Dex:       It affects your dexterity (+4).
   Fly:       It grants you flight.
 f - an amulet of the acrobat (around neck)
Potions
 d - a potion of might
 g - a potion of haste {unknown}


   Skills:
 + Level 2.6 Fighting
 + Level 1.7 Long Blades
 + Level 2.4 Armour
 + Level 2.7 Shields


You couldn't memorise any spells.
You didn't know any spells.
Your spell library was empty.

Dungeon Overview and Level Annotations

Branches:
Dungeon (1/15)

Altars:


Innate Abilities, Weirdness & Mutations

You have extremely sharp teeth.
When hurt, damage is shared between your health and your magic reserves.
Your bite disrupts and absorbs the magic of your enemies.
Potions cannot restore your health.


Message History

You kill the bat!
You now have 15 gold pieces.
Found a stone staircase leading down.
f - an amulet of the acrobat You fly up into the air.
You feel clever.
You feel agile.
e - the ring "Gicrem" (left hand) {Fly Int+2 Dex+4} You start putting on your amulet.
You continue putting on your amulet of the acrobat. x5
You finish putting on your amulet of the acrobat.
You feel ready to tumble and roll out of harm's way.
f - an amulet of the acrobat (around neck)
g - an inky potion You now have 31 gold pieces (gained 16).
Found a ruby potion.
An endoplasm and a kobold come into view.
The kobold shouts!
You hit the endoplasm.
The endoplasm is moderately wounded.
You block the endoplasm's attack.
You hit the endoplasm. Your bite misses the endoplasm.
The endoplasm is heavily wounded.
The endoplasm freezes you.
You are frozen.
The endoplasm closely misses you. The kobold barely misses you.
You miss the kobold. You bite the kobold, but do no damage.
The kobold barely misses you. The endoplasm freezes you.
You are frozen.
You hit the endoplasm.
The endoplasm is almost dead.
The kobold hits you with a +0 whip.
* * * LOW HITPOINT WARNING * * *
The endoplasm hits you.
* * * LOW HITPOINT WARNING * * *
You hit the endoplasm.
The endoplasm is almost dead.
The kobold hits you but does no damage. The endoplasm freezes you.
You are frozen.
You die...

..........##....#
....##....##....#
................# .
................# ..
#.##............# ...
#.#.......##....# ....
#.#..#....##....###.....
#.........##.....K......
+.........##....@J......
##........##.......!....
##........##............
#...####.#### #...# .#
#...# # #...# #...


You could see an endoplasm and a kobold.

Vanquished Creatures
  A bat (D:1)
1 creature vanquished.

Notes
Turn   | Place    | Note
-------+----------+-------------------------------------------
     0 | D:1      | Kazon the Vine Stalker Fighter began the quest for the Orb.
     0 | D:1      | Reached XP level 1. HP: 11/11 MP: 2/2
    32 | D:1      | Identified a scroll of acquirement
    32 | D:1      | Acquired the ring "Gicrem" {Fly Int+2 Dex+4}
    78 | D:1      | Frozen to death by an endoplasm

Illustrated notes

Levels and vault maps discovered:
D:1:      dpeg_arrival_three_smaller_balls, layout_basic

Action                   || total
-------------------------++-------
Melee: Long sword        ||     7
       Bite              ||     1
  Use: Scroll            ||     1
Armor: Scale mail        ||    12
Dodge: Dodged            ||    11
Block: Buckler           ||     1
